 Dungeon Crawl Stone Soup version 0.29-a0-322-g68df515428 (webtiles) character file.

Game seed: 1956070953836843234

65 ooooo the Conjurer (level 4, 0/27 HPs)
             Began as an Octopode Conjurer on Apr 8, 2022.
             Splashed by a jelly's acid (7 damage)
             ... on level 4 of the Dungeon.
             The game lasted 00:04:12 (3252 turns).

ooooo the Conjurer (Octopode Conjurer)              Turns: 3252, Time: 00:04:12

Health: 0/27       AC: -7    Str:  6    XL:     4   Next: 13%
Magic:  0/7        EV: 13    Int: 22    God:
Gold:   124        SH:  0    Dex: 10    Spells: 4/7 levels left

rFire   . . .      SeeInvis .   i - +0 short sword
rCold   . . .      Faith    .   (no shield)
rNeg    . . .      Spirit   .   (helmet restricted)
rPois   .          Reflect  .   (no amulet)
rElec   .          Harm     .   n - ring of willpower
rCorr   .          Rampage  .   (no ring)
Will    +....                   (no ring)
Stlth   +++.......              (no ring)
HPRegen 0.09/turn               (no ring)
MPRegen 0.10/turn               (no ring)
                                (no ring)
                                (no ring)

@: corroded
A: almost no armour, amphibious, 8 rings, camouflage 1, gelatinous body 1,
(nimble swimmer 1), tentacles
a: no special abilities


You were on level 4 of the Dungeon.
You visited 1 branch of the dungeon, and saw 4 of its levels.

You collected 124 gold pieces.

Inventory:

Hand Weapons
 i - a +0 short sword (weapon)
Missiles
 c - 17 poisoned darts
 f - 2 throwing nets
 m - 2 boomerangs
Armour
 d - an orb of energy
Jewellery
 n - a ring of willpower (left tentacle)
Wands
 s - a wand of charming (4)
Scrolls
 b - a scroll of fear
 g - 3 scrolls of teleportation
 h - 2 scrolls of enchant weapon
Potions
 a - 3 potions of magic
 j - 3 potions of berserk rage
 l - 5 potions of attraction
 p - a potion of ambrosia {unknown}
 q - a potion of curing {unknown}
 r - a potion of invisibility {unknown}
 t - a potion of heal wounds {unknown}


   Skills:
 - Level 2.0 Dodging
 - Level 2.6 Stealth
 - Level 2.0 Spellcasting
 + Level 5.5 Conjurations


You had 4 spell levels left.
You knew the following spells:

 Your Spells              Type           Power      Damage    Failure   Level
a - Searing Ray           Conj           52%        2d6       1%          2
b - Magic Dart            Conj           100%       1d8       1%          1

Your spell library contained the following spells:

 Spells                   Type           Power      Damage    Failure   Level
 Dazzling Flash           Conj/Hex       28%        N/A       13%         3
 Freeze                   Ice            8%         1d3       14%         1
 Summon Small Mammal      Summ           8%         N/A       14%         1
 Call Canine Familiar     Summ           2%         N/A       38%         3
 Frozen Ramparts          Ice            4%         1d2       38%         3
 Summon Guardian Golem    Hex/Summ       2%         N/A       38%         3
 Fulminant Prism          Conj/Hex       7%         3d7       41%         4
 Hailstorm                Conj/Ice       14%        3d5       41%         4
 Iskenderun's Mystic Bla  Conj/Tloc      14%        2d5       41%         4


Dungeon Overview and Level Annotations

Branches:
Dungeon (4/15)
 Temple: D:4-7

Altars:

Annotations:
D:2 Sigmund


Innate Abilities, Weirdness & Mutations

You cannot wear most types of armour.
You are amphibious.
You can wear up to eight rings at the same time.
Your skin changes colour to match your surroundings (Stealth+).
Your rubbery body absorbs attacks. (AC +1, EV +1)
((You are camouflaged when in or above water. (Stealth+)))
You have tentacles for arms and can constrict up to eight enemies at once.


Message History

The adder attacks as you move away! The adder misses you. The adder bites you.
Casting: Searing Ray (safe; 2% risk of failure)
Confirm with . or Enter, or press ? or * to list all spells.
Aiming: Searing Ray (safe; 2% risk of failure)
Press: ? - help, Shift-Dir - straight line, f - adder
Aim: an adder (lightly wounded, 66% to hit)
The searing ray hits the adder.
The adder is severely wounded.
The searing ray hits the jelly.
The jelly is lightly wounded. (Press . to maintain the ray.)
The adder completely misses you.
The searing ray misses the adder.
The searing ray hits the jelly!
The jelly is heavily wounded.
The adder misses you.
The jelly jiggles.
Unknown command.
The searing ray hits the adder.
You kill the adder!
The jelly barely misses you.
You have reached level 4!
Found an escape hatch in the ceiling.
Casting: Searing Ray (safe; 1% risk of failure)
Confirm with . or Enter, or press ? or * to list all spells.
Aiming: Searing Ray (safe; 1% risk of failure)
Press: ? - help, Shift-Dir - straight line, f - jelly
Aim: a jelly (heavily wounded, 100% to hit)
The searing ray hits the jelly.
The jelly is severely wounded. (Press . to maintain the ray.)
The jelly hits you. The acid corrodes you!
You are splashed with acid!
You hit the jelly.
Your tentacles burn!
* * * LOW HITPOINT WARNING * * *
You squeeze the jelly.
The jelly is almost dead.
The jelly hits you.
* * * LOW HITPOINT WARNING * * *
The acid corrodes you!
You are splashed with acid!
You die...

. ... #.# #.....##...
..###...##..##..........
...#....##..#..#........
.<......#......#........
...........##..##..)....
...........###.##.[....#
.#......#.......#.....##
........#......#..#.###
#@.......#....#
#J......##........ .
#..............[.# ...
##...#.....##......
..!.##..#.##..#.# ##....
#......##...#... .(..
#......###............
#.......###.......
#.?................


You could see a jelly.

Vanquished Creatures
  3 adders
  4 ball pythons
  2 endoplasms
  3 goblins
  6 hobgoblins
  7 kobolds
  2 bats
  5 frilled lizards
  7 rats
39 creatures vanquished.

Notes
Turn   | Place    | Note
-------+----------+-------------------------------------------
     0 | D:1      | ooooo the Octopode Conjurer began the quest for the Orb.
     0 | D:1      | Reached XP level 1. HP: 11/11 MP: 3/3
   355 | D:1      | Reached XP level 2. HP: 17/17 MP: 3/5
  1488 | D:2      | Learned a level 2 spell: Searing Ray
  1490 | D:2      | Noticed Sigmund
  2512 | D:3      | Reached XP level 3. HP: 21/21 MP: 6/6
  2551 | D:3      | Found a faded altar of an unknown god.
  2562 | D:3      | Reached skill level 5 in Conjurations
  3249 | D:4      | Reached XP level 4. HP: 21/27 MP: 2/7
  3252 | D:4      | Splashed by a jelly's acid

Illustrated notes

Levels and vault maps discovered:
D:1:      dpeg_arrival_pits, layout_basic, serial_park_tiny_2,
          chequers_serial_rivers_small_3, minmay_pentomino_x2
D:2:      layout_loops_ring, uniq_sigmund
D:3:      layout_basic, ebering_ecumenical_altar_mist
D:4:      layout_cave_pools, temple_statues, serial_shops, shop

Skill      XL: |  1  2  3 |
---------------+----------+-----
Conjurations   | 5 |  5.5
Dodging        | |  2.0
Stealth        | |  2.6
Spellcasting   | |  2.0

Action                   |  1- 3 |  4- 6 || total
-------------------------+-------+-------++-------
Melee: Unarmed           |     6 |       ||     6
       Short sword       |    39 |     1 ||    40
       Constrict         |     6 |       ||     6
       Tentacles         |     3 |     1 ||     4
 Cast: Magic Dart        |    19 |       ||    19
       Searing Ray       |     4 |     1 ||     5
  Use: Scroll            |     7 |       ||     7
 Stab: Sleeping          |    13 |       ||    13
Armor: Skin              |     3 |       ||     3
Dodge: Dodged            |    34 |       ||    34

Table legend: (Time is in decaauts)
 A = Elapsed time spent in this place.
 B = Non-inter-level travel time spent in this place.
 C = Inter-level travel time spent in this place.
 D = Time resting spent in this place.
 E = Time spent auto-exploring this place.
 F = Levels seen in this place.
 G = Mean time per level.
                   A        B        C        D        E       F      G
               +--------+--------+--------+--------+--------+-----+--------+
         Total |   3256 |   3160 |     96 |    698 |   2018 |   4 |  814.0 |
       Dungeon |   3256 |   3160 |     96 |    698 |   2018 |   4 |  814.0 |
               +--------+--------+--------+--------+--------+-----+--------+

Top non-repeatable levels by time:
     D:1: 1517 daAuts
     D:3: 908 daAuts
     D:2: 787 daAuts
     D:4: 43 daAuts
